 Dungeon Crawl Stone Soup version 0.29.1-13-g9f3cf754e1 (webtiles) character file.

Game seed: 13691256361676386486

70 Thatpatchoflichen the Ducker (level 4, -4/34 HPs)
             Began as a Demonspawn Gladiator on Feb 2, 2023.
             Frozen to death by an endoplasm (5 damage)
             ... on level 2 of the Dungeon.
             The game lasted 00:04:14 (1051 turns).

Thatpatchoflichen the Ducker (Demonspawn Gladiator) Turns: 1051, Time: 00:04:15

Health: -4/34      AC:  4    Str: 15    XL:     4   Next: 4%
Magic:  0/4        EV: 13    Int:  9    God:
Gold:   93         SH:  0    Dex: 16    Spells: 3/3 levels left

rFire   . . .      SeeInvis .   a - +0 long sword
rCold   . . .      Faith    .   (no shield)
rNeg    . . .      Spirit   +   b - +0 leather armour
rPois   .          Reflect  .   c - +0 helmet
rElec   .          Harm     .   (no cloak)
rCorr   .          Rampage  .   (no gloves)
Will    .....                   (no boots)
Stlth   +.........              f - amulet of guardian spirit
HPRegen 0.11/turn               (no ring)
MPRegen 0.09/turn               (no ring)

@: no status effects
A: powered by death 1, demonic touch 2
a: no special abilities


You were on level 2 of the Dungeon.
You visited 1 branch of the dungeon, and saw 3 of its levels.

You collected 93 gold pieces.

Inventory:

Hand Weapons
 a - a +0 long sword (weapon)
Missiles
 d - 3 throwing nets (quivered)
 e - a javelin
 k - 3 silver javelins
Armour
 b - a +0 leather armour (worn)
 c - a +0 helmet (worn)
Jewellery
 f - an amulet of guardian spirit (around neck)
Scrolls
 g - a scroll of fog
 h - a scroll of poison {unknown}
 i - a scroll of teleportation {unknown}
 j - a scroll of enchant armour {unknown}
 l - a scroll of noise {unknown}
 m - 3 scrolls of vulnerability {unknown}


   Skills:
 + Level 2.9 Fighting
 + Level 3.3 Long Blades
 - Level 1.7 Throwing
 + Level 3.4 Dodging


You had 3 spell levels left.
You didn't know any spells.
Your spell library contained the following spells:

 Spells                   Type           Power      Damage    Failure   Level
 Apportation              Tloc           0%         N/A       45%         1
 Necrotise                Necr           0%         1d4       45%         1
 Summon Small Mammal      Summ           0%         N/A       45%         1
 Ensorcelled Hibernation  Hex/Ice        0%         N/A       58%         2
 Gell's Gravitas          Tloc           0%         N/A       83%         3
 Spider Form              Tmut/Pois      0%         N/A       83%         3
 Teleport Other           Tloc           0%         N/A       83%         3
 Anguish                  Hex/Necr       0%         N/A       99%         4
 Dispersal                Tloc           0%         N/A       100%        6


Dungeon Overview and Level Annotations

Branches:
Dungeon (3/15)

Altars:

Annotations:
D:1 2 transporters


Innate Abilities, Weirdness & Mutations

You regenerate a little health from kills.
Your touch may inflict irresistible damage on your foes.


Message History

You hit the hobgoblin but do no damage. The hobgoblin hits you.
You closely miss the hobgoblin. The hobgoblin misses you.
The endoplasm hits you.
The hobgoblin hits you but does no damage.
You barely miss the hobgoblin. The hobgoblin hits you.
The endoplasm freezes you.
You are frozen.
You hit the hobgoblin but do no damage. The hobgoblin completely misses you.
The endoplasm misses you.
You hit the hobgoblin but do no damage.
The hobgoblin hits you but does no damage.
The endoplasm closely misses you.
The hobgoblin throws a stone.
The stone completely misses you.
There is an open door here.
The hobgoblin throws a stone.
The stone hits you.
* * * LOW HITPOINT WARNING * * *
The endoplasm freezes you.
You are frozen.
* * * LOW HITPOINT WARNING * * *
There is an open door here.
The endoplasm attacks as you move away! The endoplasm closely misses you.
The endoplasm freezes you.
You are frozen.
* * * LOW HITPOINT WARNING * * *
The endoplasm attacks as you move away! The endoplasm barely misses you.
You barely miss the endoplasm. The endoplasm barely misses you.
The endoplasm freezes you.
You are frozen.
* * * LOW HITPOINT WARNING * * *
You hit the endoplasm.
The endoplasm is severely wounded.
The endoplasm freezes you.
You are frozen.
* * * LOW HITPOINT WARNING * * *
As you read the scroll labelled FEGGE HUEGINITUB, it crumbles to dust.
The scroll dissolves into smoke.
It was a scroll of fog.
The hobgoblin barely misses you. The endoplasm freezes you.
You are frozen.
You die...

###### ###### #....#
...... #..§§# #.....#
#..§§# ......# +.§§@#
......# #..gJ###.......
####...§§.........
...'....#.........
####....'......###
######## #....##..##.#
#......# #....##...# #
#......# ###†#.....#
#......########.#.#.###


You could see an endoplasm and a hobgoblin.

Vanquished Creatures
  2 adders (D:2)
  A worm (D:2)
  2 dart slugs (D:1)
  An orc (D:3)
  4 bats
  4 endoplasms
  6 goblins
  5 hobgoblins
  5 ball pythons
  3 frilled lizards (D:1)
  5 kobolds
  8 rats
46 creatures vanquished.

Notes
Turn   | Place    | Note
-------+----------+-------------------------------------------
     0 | D:1      | Thatpatchoflichen the Demonspawn Gladiator began the quest
                  | for the Orb.
     0 | D:1      | Reached XP level 1. HP: 16/16 MP: 1/1
   106 | D:1      | Gained mutation: Your touch may inflict minor irresistible
                  | damage on your foes. [demonic ancestry]
   106 | D:1      | Reached XP level 2. HP: 19/22 MP: 2/2
   443 | D:1      | Gained mutation: Your touch may inflict irresistible damage
                  | on your foes. [demonic ancestry]
   443 | D:1      | Reached XP level 3. HP: 28/28 MP: 3/3
   975 | D:2      | Gained mutation: You regenerate a little health from kills.
                  | [demonic ancestry]
   975 | D:2      | Reached XP level 4. HP: 17/34 MP: 2/4
  1050 | D:2      | HP: 1/34 [frozen (2)]
  1051 | D:2      | Frozen to death by an endoplasm

Illustrated notes

Levels and vault maps discovered:
D:1:      spicycebolla_arrival_transporter_tutorial, layout_rooms, st_stairs_3
D:2:      layout_basic
D:3:      layout_basic, basic_ecumenical_altar, kennysheep_jessica_study

Skill      XL: |  1  2 |
---------------+-------+-----
Long Blades    | 3 |  3.3
Dodging        | 3 |  3.4
Fighting       | |  2.9
Throwing       | |  1.7

Action                   |  1- 3 |  4- 6 || total
-------------------------+-------+-------++-------
Melee: Long sword        |    84 |     8 ||    92
       Touch             |    15 |       ||    15
       Punch             |     1 |       ||     1
  Use: Scroll            |       |     1 ||     1
Armor: Leather armour    |    32 |     2 ||    34
Dodge: Dodged            |    58 |    12 ||    70
